 Dungeon Crawl Stone Soup version 0.20-a0-1039-gf554463 (console) character file.

147 r4s the Ducker (level 5, 25/25 HPs)
             Began as a Felid Chaos Knight on Apr 22, 2017.
             Quit the game on level 3 of the Dungeon.
             The game lasted 00:22:23 (1675 turns).

r4s the Ducker (Felid Chaos Knight)                 Turns: 1675, Time: 00:22:24

Health: 25/25      AC:  2    Str:  8    XL:     5   Next: 8%
Magic:  6/6        EV: 20    Int: 13    God:    Xom [....*.]
Gold:   56         SH:  0    Dex: 16    Spells: 4/4 levels left
                                        Lives:  0   Deaths: 1

rFire    . . .     SeeInvis +     - Unarmed
rCold    . . .     Gourm    .   (shield unavailable)
rNeg     . . .     Faith    .   (armour unavailable)
rPois    .         Spirit   .   (helmet unavailable)
rElec    .         Reflect  .   (cloak unavailable)
rCorr    .         Harm     .   (gloves unavailable)
MR       +....                  (boots unavailable)
Stlth    +++.......             (no amulet)
Regen    0.1/turn               (no ring)
MPRegen  0.1/turn               (no ring)

@: quick
A: no armour, no weapons or thrown items, stealth, claws 1, fangs 3, see
invisible, blink, carnivore 3, clumsy 1, speed 1, magic resistance 1, shaggy fur
2, slow metabolism 1, sharp paws
a: Blink, Renounce Religion


You were on level 3 of the Dungeon.
You worshipped Xom.
You were a beloved toy of Xom.
You were not hungry.

You visited 1 branch of the dungeon, and saw 3 of its levels.

You collected 56 gold pieces.

Inventory:

Wands
 j - a wand of iceblast (12/15)
Scrolls
 c - 2 scrolls of identify
 i - 2 scrolls of fog {unknown}
Potions
 b - a potion of mutation {unknown}
 d - a potion of agility {unknown}
 e - a potion of lignification
 f - a potion of berserk rage {unknown}
 g - a potion of brilliance {unknown}
 k - a potion of heal wounds {unknown}
 l - 2 potions of curing {unknown}
Comestibles
 a - a meat ration
 h - 5 chunks of flesh


   Skills:
 * Level 4.0 Fighting
 + Level 4.8 Dodging
 + Level 3.9 Stealth
 + Level 4.6 Unarmed Combat
 * Level 1.2 Evocations


You had 4 spell levels left.
You didn't know any spells.

Dungeon Overview and Level Annotations

Branches:
Dungeon (3/15)

Altars:
Dithmenos
Ru

Annotations:
D:3 exclusion: orc priest


Innate Abilities, Weirdness & Mutations

You cannot wear armour.
You are incapable of wielding weapons or throwing items.
Your paws allow you to move quietly. (Stealth)
You have sharp claws.
You have razor-sharp teeth.
You have supernaturally acute eyesight. (SInv)
You are carnivorous and can eat meat at any time.
You cover ground quickly.
You are covered in thick fur. (AC +2)
You have a slow metabolism.
Your sharp claws are effective at attacking unaware monsters.
You can translocate small distances at will.
You are clumsy. (Dex -2)
You are resistant to hostile enchantments. (MR+)


Message History

The orc hits you but does no damage. The orc hits you but does no damage.
The orc hits you but does no damage. The orc hits you but does no damage.
The orc hits you from afar with a trident.
The orc hits you but does no damage.
You feel less wooden. The orc barely misses you.
The orc hits you with a trident.
* * * LOW HITPOINT WARNING * * *
Items here: ))))) [[[ ††† You closely miss the orc.
The orc closely misses you.
You scratch the orc. Your bite misses the orc.
The orc is moderately wounded.
The orc hits you with a trident.
You die...
You are now level 5!
You rejoin the land of the living...
You can't grasp things well enough to throw them.
Are you sure you want to abandon this character and quit the game? (Confirm with "yes".)

.## ..# ... #.#####
##..... .. ....###.
#...#.. #@#.#.#
###########.#.#.#
######.........(.#...#
.....#.#######...#.o.#.
.....#)# #...#)).#.
.....#.# #...#.#.#<
.....#.# #...'.#...
...).'.# #...###.....
.....#########...####..###


There were no monsters in sight!

Vanquished Creatures
  Sigmund (D:2)
  An orc priest (D:3)
  An orc wizard (D:3)
  An adder (D:2)
  A dart slug (D:1)
  2 leopard geckos
  7 orcs (D:3)
  7 bats
  2 giant cockroaches (D:2)
  3 goblins
  A goblin (shapeshifter) (D:2)
  7 hobgoblins
  5 jackals (D:2)
  A quokka (D:2)
  3 frilled lizards
  A kobold (D:1)
  5 rats
49 creatures vanquished.

Notes
Turn   | Place    | Note
-------+----------+-------------------------------------------
     0 | D:1      | r4s the Felid Chaos Knight began the quest for the Orb.
     0 | D:1      | Reached XP level 1. HP: 10/10 MP: 2/2
    10 | D:1      | XOM: butterfly on damage
   296 | D:1      | XOM: butterfly on damage
   310 | D:1      | Reached XP level 2. HP: 7/14 MP: 3/3
   532 | D:1      | XOM: cloud trail
   553 | D:1      | XOM: severe Chrm miscast
   659 | D:2      | Noticed Sigmund
   674 | D:2      | XOM: confuse monster(s)
   688 | D:2      | XOM: swap monsters
   691 | D:2      | XOM: give mutations
   691 | D:2      | Gained mutation: You can translocate small distances at will. [Xom's mischief]
   691 | D:2      | Gained mutation: You are clumsy. (Dex -2) [Xom's mischief]
   694 | D:2      | Killed Sigmund
   694 | D:2      | Reached XP level 3. HP: 17/18 MP: 4/4
   694 | D:2      | Reached XP level 4. HP: 21/22 MP: 5/5
   694 | D:2      | Reached XP level 5. HP: 24/25 MP: 6/6
   748 | D:2      | Found a shadowy altar of Dithmenos.
   873 | D:2      | XOM: polymorph kobold -> goblin
  1040 | D:2      | Gained mutation: You are resistant to hostile enchantments. (MR+) [mutagenic meat]
  1079 | D:2      | XOM: summons 2 hostile shadow creatures
  1142 | D:2      | XOM: harmless Ice miscast
  1434 | D:3      | Found a sacrificial altar of Ru.
  1639 | D:3      | Reached skill level 1 in Evocations
  1643 | D:3      | Gained mutation: You are covered in thick fur. (AC +2) [Felid growth]
  1643 | D:3      | Reached XP level 6. HP: 17/28 MP: 7/7
  1674 | D:3      | Slain by an orc
  1675 | D:3      | Reached XP level 5. HP: -2/25 MP: 6/6
  1675 | D:3      | Quit the game

Vault maps used:
D:1:      eino_arrival_cavern_d
D:2:      dk_noncrumbling_4, nicolae_dithmenos_shadow_blocks, uniq_sigmund
D:3:      nicolae_ru_path_of_blood, cheibrodos_sewer_entry_sluice,
          uniq_crazy_yiuf_cottage

Skill      XL: |  1  2  3  4  5 |
---------------+----------------+-----
Dodging        | 4 |  4.8
Stealth        | 3 |  3.9
Unarmed Combat | 4 |  4.6
Evocations     | 1 |  1.2
Fighting       | 4 |  4.0

Action                   |  1- 3 |  4- 6 || total
-------------------------+-------+-------++-------
Melee: Unarmed           |    67 |    82 ||   149
       Bite              |     3 |     2 ||     5
       Punch             |       |     3 ||     3
  Use: Scroll            |       |     1 ||     1
       Potion            |       |     1 ||     1
 Stab: Sleeping          |     2 |     4 ||     6
       Confused          |     2 |       ||     2
       Paralysed         |     1 |       ||     1
  Eat: Chunk             |     7 |     2 ||     9
Armor: Skin              |     5 |    43 ||    48
Dodge: Dodged            |    45 |    58 ||   103
